 Dungeon Crawl Stone Soup version 0.30-a0-1075-gcd70e7a56d (webtiles) character file.

Game seed: 11101689721567837860

38222 NateTC the Fencer (level 13, -5/186 HPs)
             Began as a Minotaur Berserker on Apr 14, 2023.
             Was an Elder of Trog.
             Slain by an elephant (7 damage)
             ... on level 5 of the Lair of Beasts.
             The game lasted 00:41:04 (16532 turns).

NateTC the Fencer (Minotaur Berserker)             Turns: 16532, Time: 00:41:04

Health: -5/186     AC: 20    Str: 28    XL:     13   Next: 62%
Magic:  12/12      EV:  9    Int:  4    God:    Trog [****..]
Gold:   419        SH:  0    Dex: 14    Spells: 12/12 levels left

rFire   + . .      SeeInvis +    A - +7 great sword "Giant's Doom" {heavy, *Corrode rPois Dex+5}
rCold   + . .      Faith    .    (shield currently unavailable)
rNeg    . . .      Spirit   .    B - +0 plate armour
rPois   +          Reflect  .    (helmet restricted)
rElec   +          Rampage  .    l - +0 cloak
rCorr   +                        i - +0 pair of gloves
Will    ++...                    h - +1 pair of boots Stlth
                                 (no amulet)
HPRegen 1.00/turn                b - ring of see invisible
MPRegen 0.13/turn                j - ring of poison resistance

@: berserking, resistant, strong-willed, sick, regenerating, very quick
A: horns 2, retaliatory headbutt
a: Renounce Religion, Berserk, Trog's Hand, Brothers in Arms


You were on level 5 of the Lair of Beasts.
You worshipped Trog.
Trog was greatly pleased with you.
You visited 2 branches of the dungeon, and saw 15 of its levels.
You also visited: Ice Cave.

You collected 683 gold pieces.
You spent 264 gold pieces at shops.

Inventory:

Hand Weapons
 A - the +7 great sword "Giant's Doom" (weapon) {heavy, *Corrode rPois Dex+5}
   (You bought it in a shop on level 3 of the Dungeon)

   Dex:       It affects your dexterity (+5).
   rPois:     It protects you from poison.
   *Corrode:  It may corrode you when you take damage.
 D - a +5 falchion of freezing
Armour
 e - a +0 buckler
 h - a +1 pair of boots (worn)
 i - a +0 pair of gloves (worn)
 l - a +0 cloak (worn)
 m - +0 ice dragon scales
 B - a +0 plate armour (worn)
Jewellery
 b - a ring of see invisible (left hand)
 j - a ring of poison resistance (right hand)
 y - an amulet of magic regeneration
 G - an amulet of faith
Wands
 a - a wand of digging (5)
 q - a wand of flame (41)
 v - a wand of iceblast (10)
 C - a wand of mindburst (8)
Scrolls
 g - 6 scrolls of enchant armour
 n - a scroll of vulnerability
 t - 4 scrolls of enchant weapon
 u - a scroll of poison
 x - a scroll of fog {unknown}
 E - a scroll of silence
 F - 2 scrolls of identify
 H - a scroll of magic mapping
Potions
 c - a potion of invisibility {unknown}
 d - a potion of attraction
 f - 3 potions of mutation
 k - a potion of brilliance
 o - 4 potions of flight
 p - a potion of curing
 r - 2 potions of berserk rage
 s - 2 potions of haste {unknown}
 w - 2 potions of lignification {unknown}
 z - 4 potions of resistance
 I - a potion of magic {unknown}


   Skills:
 + Level 14.3 Fighting
 * Level 15.4 Long Blades
 - Level 11.0 Armour
 - Level 4.3 Dodging
 - Level 0.8 Stealth
 - Level 9.8 Shields
 - Level 6.1 Unarmed Combat
 + Level 8.4 Evocations


You had 12 spell levels left.
You didn't know any spells.
Your spell library was empty.

Dungeon Overview and Level Annotations

Branches:
Dungeon (10/15) Zot: 26193  Temple (0/1) D:7            Lair (5/5) D:10 Zot: 23127
 Shoals (0/4) Lair:2        Snake (0/4) Lair:3        Slime (0/5) Lair:5
    Orc (0/2) D:9           IceCv (visited)

Altars:
Cheibriados
Elyvilon
Fedhas
Makhleb
Okawaru
Ru
Trog
Vehumet
Wu Jian
Yredelemnul
Zin
Jiyva

Shops:
D:3 (   D:4 **   D:5 *=[   D:7 :   D:9 [

Annotations:
D:4 3 runed translucent doors, Grunkalo's ghost, amateur TrBe; Sleet's ghost, amateur MiBe
D:5 1 runed translucent door, Crazy Yiuf


Innate Abilities, Weirdness & Mutations

You have a pair of horns on your head.
You reflexively headbutt those who attack you in melee.


Message History

You headbutt the elephant. The elephant closely misses you.
You feel better.
The elephant tramples you but does no damage.
The elephant closely misses you. The elephant attacks as you move away!
The elephant tramples you!
* * * LOW HITPOINT WARNING * * *
The elephant barely misses you. The elephant tramples you.
* * * LOW HITPOINT WARNING * * *
You stumble backwards!
Okay, then.
It was a potion of resistance.
You feel protected. The elephant barely misses you.
The elephant trunk-slaps you but does no damage.
Okay, then.
Your skin crawls.
You feel strong-willed.
The elephant tramples you but does no damage.
The elephant trunk-slaps you but does no damage.
A red film seems to cover your vision as you go berserk!
You feel yourself moving faster!
You feel mighty!
The elephant barely misses you. x3; You furiously retaliate!
You headbutt the elephant.
The elephant trunk-slaps you but does no damage.
The elephant tramples you.
* * * LOW HITPOINT WARNING * * *
You stumble backwards!
You hit the elephant.
The elephant is heavily wounded.
You chop the elephant into pieces!!!
You kill the elephant!
Trog accepts your kill.
You hear a horrible gurgling sound!
You hear a roar!
The smoke demon gestures at you. Something smites you!
* * * LOW HITPOINT WARNING * * *
The elephant tramples you but does no damage.
The elephant trunk-slaps you but does no damage.
The elephant tramples you!
You die...

♣♣♣♣♣♣♣♣ ♣♣♣♣.[†..♣♣
♣♣.♣ ♣♣♣♣.....♣♣.†.
..... ♣♣.......♣♣♣♣♣♣
..... ♣♣......♣♣♣ ♣
♣...♣ ♣♣♣3......♣
...♣♣♣♣♣.Y...†♣♣...♣
♣...♣♣.@†Y♣♣♣♣♣♣......
♣÷.♣..Y♣♣♣ ♣♣♣.♣♣
♣♣....♣♣♣ ♣ ♣♣...♣♣♣♣♣
♣♣...♣♣♣♣.♣
♣..♣♣...♣♣♣)..♣
♣........♣♣♣...♣♣
♣♣♣........♣♣...♣♣
♣♣♣♣♣♣♣♣.......♣


You could see 3 elephants and a smoke demon.

Vanquished Creatures
  2 hydras
  5 death yaks (Lair:3)
  Nergalle (Lair:2)
  A lindwurm (shapeshifter) (D:9)
  An ugly thing (Lair:5)
  15 elephants
  A guardian serpent (shapeshifter) (Lair:5)
  5 black mambas
  10 cane toads
  A gargoyle (D:10)
  A cane toad (shapeshifter) (Lair:5)
  A rime drake (shapeshifter) (Lair:5)
  Maggie (D:8)
  A komodo dragon (shapeshifter) (Lair:5)
  5 rime drakes
  5 komodo dragons
  A troll (D:10)
  2 ancient zymes (Lair:5)
  2 polar bears
  Prince Ribbit (D:7)
  A hornet (D:9)
  19 blink frogs
  A snapping turtle (Lair:2)
  2 dream sheep (Lair:3)
  A culicivora (shapeshifter) (Lair:5)
  29 yaks
  A wraith (D:8)
  Eustachio (D:5)
  3 wyverns
  A chaos spawn (Lair:5)
  Grum (D:8)
  4 basilisks
  2 nagas (Lair:3)
  A warg (D:9)
  10 small abominations (Lair:5)
  An orc warrior (D:7)
  15 water moccasins
  2 black bears
  An ice beast (D:6)
  A sky beast (D:8)
  3 ogres (D:6)
  4 wolves (D:8)
  4 centaurs
  5 kobold brigands
  11 bullfrogs
  3 scorpions
  2 gnoll sergeants
  15 wights
  10 killer bees
  A howler monkey (D:10)
  A hound (D:6)
  3 jellies
  2 orc priests
  6 iguanas
  5 orc wizards
  Ijyb (D:4)
  19 gnolls
  6 adders
  3 white imps
  An ufetubus (D:5)
  3 worms
  4 dart slugs
  28 orcs
  5 bats
  6 endoplasms
  5 giant cockroaches
  6 hobgoblins
  6 jackals
  3 quokkas
  12 ball pythons
  8 frilled lizards
  3 goblins
  33 kobolds
  4 rats (D:3)
390 creatures vanquished.

Vanquished Creatures (collateral kills)
  2 dream sheep (Lair:3)
2 creatures vanquished.

Vanquished Creatures (others)
  A wizard (D:4)
  A quokka (D:7)
  15 fungi
  25 plants
42 creatures vanquished.

Grand Total: 434 creatures vanquished

Notes
Turn   | Place    | Note
-------+----------+-------------------------------------------
     0 | D:1      | NateTC the Minotaur Berserker began the quest for the Orb.
     0 | D:1      | Reached XP level 1. HP: 19/19 MP: 0/0
   118 | D:1      | Reached XP level 2. HP: 15/27 MP: 1/1
   188 | D:1      | Reached skill level 4 in Long Blades
   393 | D:1      | You fall into a shaft and drop 1 floor!
   431 | D:2      | Reached XP level 3. HP: 29/33 MP: 2/2
   729 | D:2      | Reached ** piety under Trog
  1625 | D:3      | Reached XP level 4. HP: 33/41 MP: 3/3
  1745 | D:3      | HP: 1/41 [gnoll/+0 halberd (6)]
  1907 | D:3      | Reached skill level 5 in Long Blades
  1923 | D:3      | Found Quokleu's Antique Weapon Emporium.
  1942 | D:3      | Reached XP level 5. HP: 25/47 MP: 4/4
  2625 | D:4      | Found a basalt altar of Yredelemnul.
  2630 | D:4      | Found a runed translucent gate.
  2635 | D:4      | Reached *** piety under Trog
  2647 | D:4      | Found a runed translucent gate.
  2673 | D:4      | Found a runed translucent gate.
  2676 | D:4      | Noticed Grunkalo's ghost (amateur TrBe)
  2676 | D:4      | Noticed Sleet's ghost (amateur MiBe)
  2794 | D:4      | Found Jizuts's General Store.
  2798 | D:4      | Found Quipimox's Specific Store.
  2932 | D:4      | Found an iron altar of Okawaru.
  3128 | D:4      | Reached skill level 5 in Fighting
  3128 | D:4      | Reached skill level 6 in Long Blades
  3128 | D:4      | Reached skill level 1 in Shields
  3128 | D:4      | Reached XP level 6. HP: 56/56 MP: 5/5
  3189 | D:4      | Found a bloodstained altar of Trog.
  3192 | D:4      | Noticed a wizard
  3195 | D:4      | Killed a wizard
  3455 | D:5      | Entered Level 5 of the Dungeon
  3455 | D:5      | Noticed Ijyb
  3467 | D:4      | Killed Ijyb
  3512 | D:5      | Noticed Eustachio
  3561 | D:5      | Killed Eustachio
  3562 | D:5      | Reached XP level 7. HP: 51/61 MP: 6/6
  3587 | D:5      | Found a burning altar of Makhleb.
  3635 | D:5      | Found Icopsiu's Jewellery Shoppe.
  3663 | D:5      | Found Tacvaigude's General Store.
  3824 | D:5      | Found a snail-covered altar of Cheibriados.
  4029 | D:5      | Found Orrual's Antique Armour Emporium.
  4247 | D:5      | Found a runed translucent door.
  4248 | D:5      | Noticed Crazy Yiuf
  4390 | D:6      | Reached skill level 7 in Long Blades
  4400 | D:6      | Reached skill level 5 in Armour
  4494 | D:6      | Reached XP level 8. HP: 56/70 MP: 7/7
  4668 | D:6      | Found a sacrificial altar of Ru.
  4729 | D:6      | Reached skill level 8 in Long Blades
  4764 | D:6      | Reached **** piety under Trog
  5362 | D:3      | Bought a crude great sword for 264 gold pieces
  5362 | D:3      | Identified the +7 great sword "Giant's Doom" {heavy,
                  | *Corrode rPois Dex+5} (You bought it in a shop on level 3
                  | of the Dungeon)
  5446 | D:7      | Noticed Prince Ribbit
  5457 | D:7      | Killed Prince Ribbit
  5607 | D:7      | Found a staircase to the Ecumenical Temple.
  5618 | D:7      | Reached XP level 9. HP: 56/81 MP: 8/8
  5903 | D:7      | Found a glowing silver altar of Zin.
  5936 | D:7      | Found Xerghuippu's Book Shoppe.
  6023 | D:7      | Found a white marble altar of Elyvilon.
  6236 | D:7      | Identified the +2 robe of the Locust {rElec MP+9 Int-3
                  | SInv}
  6717 | D:8      | Reached skill level 9 in Long Blades
  6748 | D:8      | Identified the +0 pair of boots "Muwobige" {rElec Will++
                  | Str+2}
  6970 | D:8      | Noticed a komodo dragon
  6977 | D:8      | Killed a komodo dragon
  6978 | D:8      | Reached skill level 10 in Fighting
  7128 | D:8      | Noticed Maggie
  7144 | D:8      | Killed Maggie
  7476 | D:8      | Noticed Grum
  7481 | D:8      | Killed Grum
  7482 | D:8      | Reached skill level 10 in Long Blades
  7486 | D:8      | Reached XP level 10. HP: 58/94 MP: 9/9
  7985 | D:9      | Found Baaqes's Armour Shoppe.
  8005 | D:9      | Found a staircase to the Orcish Mines.
  8169 | D:9      | Reached ***** piety under Trog
  8249 | D:9      | Received a gift from Trog
  8270 | D:9      | Identified the +7 hand axe "Arbiter" {drain, rF+}
  8277 | D:9      | Found an ornate altar of the Wu Jian Council.
  8347 | D:9      | Reached skill level 1 in Evocations
  8499 | D:9      | Noticed a guardian serpent
  8501 | D:9      | a guardian serpent changed into a lindwurm
  8501 | D:9      | Noticed a lindwurm (shapeshifter)
  8515 | D:9      | Killed a lindwurm
  8832 | D:10     | Entered Level 10 of the Dungeon
  8976 | D:10     | Noticed a gargoyle
  9000 | D:10     | Killed a gargoyle
  9119 | D:10     | Found a blossoming altar of Fedhas.
  9158 | D:10     | Reached skill level 11 in Long Blades
  9162 | D:10     | Reached skill level 10 in Armour
  9162 | D:10     | Reached skill level 5 in Shields
  9421 | D:10     | Found a staircase to the Lair.
  9497 | D:10     | Found a radiant altar of Vehumet.
  9608 | Lair:1   | Entered Level 1 of the Lair of Beasts
  9613 | Lair:1   | Noticed a cane toad
  9640 | D:10     | Killed a cane toad
  9641 | D:10     | Reached XP level 11. HP: 80/102 MP: 10/10
 10621 | Lair:2   | Reached skill level 12 in Long Blades
 10913 | Lair:2   | Reached skill level 5 in Evocations
 11145 | Lair:2   | Noticed Nergalle
 11164 | Lair:2   | Killed Nergalle
 11165 | Lair:2   | Reached skill level 13 in Long Blades
 11337 | Lair:2   | Found a staircase to the Shoals.
 11836 | Lair:3   | Reached XP level 12. HP: 51/110 MP: 11/11
 11977 | Lair:3   | Noticed a seven-headed hydra
 12239 | Lair:3   | Found a frozen archway.
 12246 | Lair:3   | Reached skill level 14 in Long Blades
 12260 | IceCv    | Entered an ice cave
 12516 | Lair:3   | Found a staircase to the Snake Pit.
 13101 | Lair:4   | Reached skill level 1 in Unarmed Combat
 13566 | Lair:4   | Noticed a death yak
 13567 | Lair:4   | Noticed a death yak
 13567 | Lair:4   | Noticed a death yak
 13568 | Lair:4   | Noticed a death yak
 13568 | Lair:4   | Noticed a death yak
 13586 | Lair:3   | Killed a death yak
 13757 | Lair:3   | Killed a death yak
 13761 | Lair:3   | Killed a death yak
 13988 | Lair:3   | Killed a death yak
 14004 | Lair:3   | Killed a death yak
 14005 | Lair:3   | Reached skill level 5 in Unarmed Combat
 14253 | Lair:4   | Noticed a four-headed hydra
 14395 | Lair:4   | Killed a nine-headed hydra
 14418 | Lair:4   | Reached XP level 13. HP: 97/122 MP: 12/12
 14945 | Lair:5   | Entered Level 5 of the Lair of Beasts
 15013 | Lair:5   | Found a viscous altar of Jiyva.
 15013 | Lair:5   | Found a staircase to the Slime Pits.
 16075 | Lair:5   | Reached skill level 15 in Long Blades
 16523 | Lair:5   | HP: 3/124 [smoke demon/divine providence (13)]
 16532 | Lair:5   | HP: 2/186 [smoke demon/divine providence (12)]
 16532 | Lair:5   | Slain by an elephant

Illustrated notes

Levels and vault maps discovered:
D:1:      mrwooster_arrival_statue_3, layout_rooms, minmay_box_of_dots
D:2:      layout_basic, minmay_misc_feat_chi, grunt_ministairs_5
D:3:      layout_loops_cross, serial_shops, shop
D:4:      layout_basic, trog_wizard, hellmonk_okawaru_the_only_friend_you_need,
          mainiacjoe_overflow_brackets, gammafunk_ghost_cemetery,
          nicolae_specific_store
D:5:      layout_rooms, mainiacjoe_overflow_concentric_impassable,
          lemuel_doored_altar, serial_shops, nicolae_square_shop, shop_statue,
          nicolae_shop_stone, uniq_ijyb, uniq_crazy_yiuf_cottage, uniq_eustachio
D:6:      layout_cave_pools, nicolae_ru_awakened_eye, grunt_ministairs_3,
          kennysheep_generic_room_9
D:7:      layout_basic, elyvilon_altar_4, kennysheep_little_box,
          minmay_temple_entry_overgrown, serial_shops, nicolae_shop_trees,
          serial_rivers, chequers_serial_rivers_room_a,
          chequers_serial_rivers_micro_c, chequers_serial_rivers_large_a,
          chequers_serial_rivers_micro_a, chequers_serial_rivers_micro_c,
          uniq_prince_ribbit1
D:8:      layout_layer_cave, minmay_lizard_king, uniq_grum, uniq_maggie
D:9:      layout_roguey, nicolae_wu_jian_immortal_techniques, david_orc_3,
          serial_shops, nicolae_square_shop
D:10:     layout_rooms, mainiacjoe_overflow_surrounded_room,
          mainiacjoe_overflow_tiny_flanked, lair_entry_dummy
Lair:1:   layout_chaotic_city, infiniplex_staircase_pool_2
Lair:2:   layout_chaotic_city, minmay_shoals_entry_hut, serial_rivers,
          chequers_serial_rivers_small_b, chequers_serial_rivers_small_3,
          chequers_serial_rivers_marsh, chequers_serial_rivers_room_b,
          uniq_nergalle
Lair:3:   layout_chaotic_city, guppyfry_snake_entry_garden,
          portal_ice_cave_rime, grunt_megastairs_2
Lair:4:   layout_gridlike, infiniplex_staircase_pool, grunt_megastairs_5
Lair:5:   hellmonk_lair_end_abyssal_woods, layout_cave_shapes,
          nicolae_slime_entry_slimehenge

Skill      XL: |  1  2  3  4  5  6  7  8  9 10 11 12 13 |
---------------+----------------------------------------+-----
Fighting       | 4 5 8 10 11 13 14 | 14.3
Long Blades    | 4 5 6 7 8 10 11 13 14 15 | 15.4
Dodging        | 3 4 |  4.3
Armour         | 3 4 5 7 8 10 11 | 11.0
Shields        | 1 3 5 8 9 |  9.8
Evocations     | 3 5 7 8 |  8.4
Unarmed Combat | 5 6 |  6.1
Stealth        | |  0.8

Action                     |  1- 3 |  4- 6 |  7- 9 | 10-12 | 13-15 || total
---------------------------+-------+-------+-------+-------+-------++-------
  Melee: Falchion          |    88 |   158 |   118 |   677 |     6 ||  1047
         Headbutt          |    19 |    31 |    41 |   172 |    39 ||   302
         Great sword       |       |       |    78 |    35 |   159 ||   272
         Long sword        |       |       |     9 |       |       ||     9
 Invoke: Berserk           |       |     2 |     4 |     9 |     3 ||    18
         Trog's Hand       |       |     1 |       |     7 |     4 ||    12
         Brothers in Arms  |       |       |       |     1 |     1 ||     2
    Use: Scroll            |     6 |     6 |     6 |     7 |     1 ||    26
         Potion            |       |       |     2 |     3 |     4 ||     9
 Armour: Animal skin       |    13 |       |       |       |       ||    13
         Ice dragon scales |     2 |   127 |   110 |       |       ||   239
         Plate armour      |       |       |    53 |   377 |   225 ||   655
  Dodge: Dodged            |    49 |   130 |   179 |   271 |   144 ||   773
  Block: Buckler           |    10 |    47 |    29 |   138 |     1 ||   225

Table legend: (Time is in decaauts)
 A = Elapsed time spent in this place.
 B = Non-inter-level travel time spent in this place.
 C = Inter-level travel time spent in this place.
 D = Time resting spent in this place.
 E = Time spent auto-exploring this place.
 F = Levels seen in this place.
 G = Mean time per level.
                   A        B        C        D        E       F      G
               +--------+--------+--------+--------+--------+-----+--------+
         Total |  16701 |  16168 |    533 |   4183 |   8108 |  16 | 1043.8 |
       Dungeon |   9827 |   9369 |    458 |   1403 |   6042 |  10 |  982.7 |
          Lair |   6871 |   6796 |     75 |   2780 |   2066 |   5 | 1374.2 |
      Ice Cave |      2 |      2 |      0 |      0 |      0 |   1 |    2.0 |
               +--------+--------+--------+--------+--------+-----+--------+

Top non-repeatable levels by time:
  Lair:3: 2068 daAuts
     D:8: 1688 daAuts
  Lair:5: 1437 daAuts
  Lair:2: 1343 daAuts
     D:2: 1192 daAuts
     D:7: 1131 daAuts
  Lair:4: 1105 daAuts
     D:5: 976 daAuts
  Lair:1: 916 daAuts
     D:4: 915 daAuts
     D:9: 873 daAuts
     D:6: 839 daAuts
     D:3: 777 daAuts
    D:10: 731 daAuts
     D:1: 702 daAuts
